 Dungeon Crawl Stone Soup version 0.27-a0-1513-g2aaa0cc67b (webtiles) character file.

Game seed: 5564109288228720921

697 spiderkeys the Skirmisher (level 7, 0/50 HPs)
             Began as an Octopode Abyssal Knight on July 10, 2021.
             Was a Believer of Lugonu.
             Slain by Ijyb (2 damage)
             ... on level 4 of the Dungeon.
             The game lasted 00:04:59 (3798 turns).

spiderkeys the Skirmisher (Octopode Abyssal Knight) Turns: 3798, Time: 00:05:00

Health: 0/50       AC:  1    Str: 13    XL:     7   Next: 65%
Magic:  8/10       EV: 14    Int: 15    God:    Lugonu [**....]
Gold:   9          SH:  0    Dex: 11    Spells: 6/6 levels left

rFire    . . .     SeeInvis .   b - +4 halberd (flame)
rCold    + . .     Faith    +   (shield currently unavailable)
rNeg     . . .     Spirit   .   (helmet restricted)
rPois    .         Reflect  .   T - amulet of faith {!P}
rElec    .         Harm     .   R - ring of resist corrosion
rCorr    +         Rampage  .   C - ring of protection from cold
Will     .....                  (no ring)
Stlth    ++........             (no ring)
HPRegen  0.16/turn              (no ring)
MPRegen  0.12/turn              (no ring)
                                (no ring)
                                (no ring)

@: no status effects
A: almost no armour, amphibious, 8 rings, camouflage 1, gelatinous body 1,
(nimble swimmer 1), tentacles
a: Renounce Religion, Depart the Abyss, Bend Space


You were on level 4 of the Dungeon.
You worshipped Lugonu.
Lugonu was pleased with you.
You visited 1 branch of the dungeon, and saw 4 of its levels.
You visited the Abyss 1 time.

You collected 209 gold pieces.
You spent 200 gold pieces at shops.


Innate Abilities, Weirdness & Mutations

You cannot wear most types of armour.
You are amphibious.
You can wear up to eight rings at the same time.
Your skin changes colour to match your surroundings (Stealth+).
Your rubbery body absorbs attacks. (AC +1, EV +1)
((You are camouflaged near water. (Stealth+)))
You have tentacles for arms and can constrict up to eight enemies at once.


   Skills:
 + Level 5.0 Fighting
 + Level 4.4 Polearms
 + Level 4.6 Dodging
 + Level 4.8 Invocations


You had 6 spell levels left.
You didn't know any spells.
Your spell library contained the following spells:

 Spells                   Type           Power      Damage    Failure   Level
 Frozen Ramparts          Ice            0%         1d2       63%         3
 Ice Form                 Ice/Tmut       0%         N/A       95%         4
 Summon Ice Beast         Ice/Summ       0%         N/A       95%         4
 Blade Hands              Tmut           0%         N/A       100%        5
 Irradiate                Conj/Tmut      0%         3d13      100%        5
 Dragon Form              Tmut           0%         N/A       100%        7

Inventory:

Hand Weapons
 a - a +1 spear
 b - a +4 halberd of flaming (weapon)
   (You found it on level 2 of the Abyss)
Missiles
 g - 6 boomerangs
 h - 106 stones
 k - 30 arrows
 p - 5 atropa-tipped darts
Jewellery
 C - a ring of protection from cold (right tentacle)
   (You found it on level 4 of the Dungeon)
 R - a ring of resist corrosion (left tentacle)
   (You found it on level 3 of the Dungeon)
 T - an amulet of faith (around mantle) {!P}
   (You found it on level 3 of the Dungeon)
Wands
 d - a wand of flame (13)
   (You found it on level 2 of the Abyss)
Scrolls
 e - a scroll of immolation {!r!r}
 j - a scroll of summoning
 l - a scroll of magic mapping {!r}
 m - a scroll of noise {!r}
 o - a scroll of identify {@r1}
 q - a scroll of silence {unknown}
Potions
 c - a potion of might {unknown}
 f - 5 potions of curing {@q1}
 i - a potion of magic {unknown}
 n - a potion of lignification {unknown}
 r - a potion of heal wounds {unknown}

Dungeon Overview and Level Annotations

Branches:
Dungeon (4/15)
 Temple: D:4-7

Altars:
Ashenzari
Sif Muna

Shops:
D:3 ?   D:4 [

Annotations:
D:4 Ijyb

###########################.#
#...............@gยงยง.......5.
###.#######################.#
#.# #.# #.# #.# ##### #.# #...#
####+## #.# #...# #.)...#
#.###...###.....#


You could see Ijyb.


Message History

No target in view!
You feel sick.
You feel sick.
You feel sick.
You are no longer poisoned.
Key pressed, stopping explore.
r - a fuming yellow potion ๐Ÿ˜Ž HP[+6]
Your hp is fully restored (43).
You see here an adder corpse.
You see here a ball python corpse.
f - 5 potions of curing {@q1} (gained 2)
T - an amulet of faith {!P} Done exploring.
Really put on
T - an amulet of faith {!P}? [Y]es or [N]o only, please.
Really put on
T - an amulet of faith {!P}?
You start putting on your amulet.
You continue putting on your amulet of faith {!P}. x5
You finish putting on your amulet of faith {!P}.
You feel a surge of divine interest.
T - an amulet of faith (around mantle) {!P} Done exploring.
Done exploring.
There is a broken altar of Ashenzari here.
There is an entrance to Xeappiat's Magic Scroll Emporium here.
s - a scroll of brand weapon Thank you for shopping at Xeappiat's Magic Scroll Emporium!
You can access your shopping list by pressing '$'.
As you read the scroll of brand weapon, it crumbles to dust.
Your +4 halberd is engulfed in flames!
b - a +4 halberd of flaming (weapon)
Done exploring.
Done exploring.
No target in view!
You see here a +0 club.
There is a stone staircase leading down here.
You climb downwards.
A hobgoblin comes into view.
The hobgoblin shouts!
Found Guis's Armour Shoppe.
There is a stone staircase leading up here.
A hobgoblin is nearby!
A ball python comes into view.
You slash the hobgoblin! You burn the hobgoblin.
You kill the hobgoblin!
Lugonu accepts your kill.
No target in view!
There is an entrance to Guis's Armour Shoppe here.
You can access your shopping list by pressing '$'.
C - a ring of protection from cold
C - a ring of protection from cold (right tentacle)
You now have 9 gold pieces (gained 6).
Key pressed, stopping explore.
A lemure comes into view.
The lemure shouts!
You hear a shout!
Pikel the Slaver comes into view.
He is wielding a +1 whip of freezing.
Pikel shouts!
You hear a shout! x2
Ijyb the Twisted Goblin comes into view.
She is wielding a +0 club and carrying a wand of flame (16).
Pikel says, "Dispater doesn't talk much, but I know they dig me."
You reach to attack!
You closely miss Pikel.
Pikel hits you with a +1 whip of freezing. ๐Ÿ˜• HP[-4]
You take 4 damage, and now have 39/43 hp.
You puncture Pikel! You burn Pikel. You grab Pikel. You constrict Pikel.
Pikel misses you.
You hit Pikel but do no damage. You constrict Pikel.
Pikel hits you with a +1 whip of freezing!
Pikel freezes you. ๐Ÿ˜ฎ HP[-17]
You take 17 damage, and now have 22/43 hp.
MASSIVE DAMAGE!! (PAUSE)
You slash Pikel! You burn Pikel. You constrict Pikel.
Pikel scowls and wipes his hands on his robe.
Pikel hits you with a +1 whip of freezing!
* * * LOW HITPOINT WARNING * * *
Pikel freezes you.
* * * LOW HITPOINT WARNING * * *
Pikel hits you with a +1 whip of freezing!
* * * LOW HITPOINT WARNING * * *
Pikel freezes you.
* * * LOW HITPOINT WARNING * * *
๐Ÿ˜ฑ HP[-21]
You take 21 damage, and now have 1/43 hp.
MASSIVE DAMAGE!! (PAUSE)
You slash Pikel! You burn Pikel.
You kill Pikel!
Lugonu accepts your kill.
With Pikel's spell broken, his former minion thanks you for its freedom.
The lemure departs this earthly plane.
Your Fighting skill increases to level 5!
Your Polearms skill increases to level 4!
Your Dodging skill increases to level 4!
Your Invocations skill increases to level 4!
You have reached level 7! ๐Ÿ˜ฑ HP[+1]
You now have 50 max hp (+7).
You barely miss Ijyb. Your grab misses Ijyb. Ijyb hits you with a +0 club.
You die...

Skill      XL: |  1  2  3  4  5  6 |
---------------+-------------------+-----
Dodging        | 3 4 |  4.6
Invocations    | 3 4 |  4.8
Polearms       | 3 4 |  4.4
Fighting       | 4 5 |  5.0

Action                   |  1- 3 |  4- 6 |  7- 9 || total
-------------------------+-------+-------+-------++-------
Melee: Halberd           |    74 |    82 |     1 ||   157
       Constrict         |    13 |    18 |       ||    31
       Tentacles         |     5 |     5 |       ||    10
Invok: Depart the Abyss  |     1 |       |       ||     1
  Use: Scroll            |     4 |     5 |       ||     9
       Potion            |       |     1 |       ||     1
 Stab: Sleeping          |    15 |    11 |       ||    26
Armor: Skin              |     6 |     4 |       ||    10
Dodge: Dodged            |    26 |    32 |       ||    58

Levels and vault maps discovered:
D:1:      onia_arrival_handbag, layout_basic, minmay_misc_feat_tiny
D:2:      layout_loops_ring, hellmonk_ecumenical_altar_run_dry, uniq_natasha
D:3:      layout_loops_cross, cheibrodos_ashenzari_chains,
          amcnicky_altar_gilded, serial_shops, shop, minmay_quantized
D:4:      layout_basic, serial_shops, shop, uniq_duvessa, uniq_grinder,
          uniq_ijyb, uniq_pikel

Notes
Turn   | Place    | Note
-------+----------+-------------------------------------------
     0 | Abyss:1  | spiderkeys the Octopode Abyssal Knight began the quest for
                  | the Orb.
     0 | Abyss:1  | Reached XP level 1. HP: 16/16 MP: 2/2
     0 | Abyss:1  | magus.rc [v1.9.10]
     3 | Abyss:1  | Found an ancient bone altar of Kikubaaqudgha.
    89 | Abyss:1  | Noticed a wretched star
    99 | Abyss:1  | Noticed a chaos spawn
   137 | Abyss:2  | Noticed a large abomination
   158 | Abyss:2  | Noticed a large abomination
   170 | Abyss:2  | You pick up a book of Transfigurations and begin reading...
   170 | Abyss:2  | You add the spells Irradiate, Blade Hands and Dragon Form
                  | to your library.
   178 | Abyss:2  | Noticed a small abomination
   181 | Abyss:2  | Noticed a chaos spawn
   193 | Abyss:2  | Noticed a raiju
   195 | D:1      | You pass through the gate.
   195 | D:1      | Escaped the Abyss
   295 | D:1      | Reached * piety under Lugonu
   300 | D:1      | Reached XP level 2. HP: 19/21 MP: 3/3
   674 | D:1      | Reached XP level 3. HP: 9/26 MP: 4/4
  1801 | D:2      | Reached ** piety under Lugonu
  1817 | D:2      | Reached skill level 3 in Dodging
  1817 | D:2      | Reached XP level 4. HP: 31/31 MP: 6/6
  1822 | D:2      | Found a faded altar of an unknown god.
  1881 | D:2      | Noticed Natasha
  1883 | D:2      | Killed Natasha
  1884 | D:2      | Reached skill level 3 in Invocations
  2041 | D:2      | Reached skill level 3 in Polearms
  2381 | D:2      | Noticed Natasha
  2387 | D:2      | Killed Natasha
  2388 | D:2      | Reached XP level 5. HP: 28/37 MP: 7/7
  2630 | D:3      | Found Xeappiat's Magic Scroll Emporium.
  2633 | D:3      | Found a broken altar of Ashenzari.
  3082 | D:3      | You pick up a book of Rime and begin reading...
  3082 | D:3      | You add the spells Frozen Ramparts, Ice Form and Summon Ice
                  | Beast to your library.
  3163 | D:3      | Found a shimmering blue altar of Sif Muna.
  3425 | D:3      | Reached skill level 4 in Fighting
  3425 | D:3      | Reached XP level 6. HP: 31/43 MP: 8/8
  3697 | D:3      | Bought a scroll of brand weapon for 200 gold pieces
  3705 | D:4      | Found Guis's Armour Shoppe.
  3782 | D:4      | Noticed Pikel
  3783 | D:4      | Noticed Ijyb
  3796 | D:4      | HP: 2/43 [Pikel (10)]
  3797 | D:4      | Killed Pikel
  3798 | D:4      | Reached skill level 5 in Fighting
  3798 | D:4      | Reached skill level 4 in Polearms
  3798 | D:4      | Reached skill level 4 in Dodging
  3798 | D:4      | Reached skill level 4 in Invocations
  3798 | D:4      | Reached XP level 7. HP: 2/50 MP: 8/10
  3798 | D:4      | Slain by Ijyb

Vanquished Creatures
  Pikel (D:4)
  A bullfrog (D:3)
  Natasha (twice) (D:2)
  4 adders
  3 dart slugs
  An orc (D:3)
  7 ball pythons
  8 bats
  12 endoplasms
  4 giant cockroaches
  7 goblins
  6 hobgoblins
  11 jackals
  5 kobolds
  3 quokkas
  6 frilled lizards
  11 rats
92 creatures vanquished.

Table legend:
 A = Non-vault XP
 B = Vault XP
 C = Vault XP percentage of total XP
 D = Non-vault monster count
 E = Vault monster count
 F = Vault count percentage of total count
                 A         B        C        D         E       F
            +---------+---------+-------+---------+---------+-------
      Total |     200 |     796 |  79.9 |      81 |      11 |  12.0
            +---------+---------+-------+---------+---------+-------
        D:1 |      67 |       5 |   6.9 |      37 |       4 |   9.8
        D:2 |      90 |      35 |  28.0 |      27 |       1 |   3.6
        D:3 |      41 |     127 |  75.6 |      16 |       5 |  23.8
        D:4 |       2 |     629 |  99.7 |       1 |       1 |  50.0
            +---------+---------+-------+---------+---------+-------

Illustrated notes

Table legend:
 A = Kills in this place as a percentage of kills in entire the game.
 B = Kills by you in this place as a percentage of kills by you in the entire game.
 C = Kills by friends in this place as a percentage of kills by friends in the entire game.
 D = Other kills in this place as a percentage of other kills in the entire game.
 E = Experience gained in this place as a percentage of experience gained in the entire game.
 F = Experience gained in this place divided by the number of levels of this place that you have seen.
                   A       B       C       D       E      F
               +-------+-------+-------+-------+-------+----------------------
         Total | 100.0 | 100.0 |   N/A |   N/A | 100.0 | 166.0
       Dungeon | 100.0 | 100.0 |   N/A |   N/A | 100.0 | 249.0
               +-------+-------+-------+-------+-------+----------------------

Table legend: (Time is in decaauts)
 A = Elapsed time spent in this place.
 B = Non-inter-level travel time spent in this place.
 C = Inter-level travel time spent in this place.
 D = Time resting spent in this place.
 E = Time spent auto-exploring this place.
 F = Levels seen in this place.
 G = Mean time per level.
                   A        B        C        D        E       F      G
               +--------+--------+--------+--------+--------+-----+--------+
         Total |   3852 |   3754 |     98 |      0 |   3110 |   6 |  642.0 |
       Dungeon |   3657 |   3559 |     98 |      0 |   3048 |   4 |  914.2 |
         Abyss |    194 |    194 |      0 |      0 |     62 |   2 |   97.0 |
               +--------+--------+--------+--------+--------+-----+--------+

Top non-repeatable levels by time:
     D:1: 1514 daAuts
     D:3: 1094 daAuts
     D:2: 954 daAuts
 Abyss:1: 102 daAuts
     D:4: 94 daAuts
 Abyss:2: 92 daAuts
